 Dungeon Crawl Stone Soup version 0.28-a0-687-gb91baff9cc (webtiles) character file.

Game seed: 6865327210406806576

91 kae the Ruffian (level 4, -1/43 (45) HPs)
             Began as a Troll Fighter on Oct 19, 2021.
             Slain by Crazy Yiuf (7 damage)
             ... on level 2 of the Dungeon.
             The game lasted 00:01:40 (1558 turns).

kae the Ruffian (Troll Fighter)                     Turns: 1558, Time: 00:01:41

HP:   -1/43 (45)    AC:  4    Str: 24    XL:     4   Next: 34%
MP:   3/3           EV: 10    Int:  5    God:
Gold: 761           SH:  0    Dex:  9    Spells: 3/3 levels left

rFire   . . .      SeeInvis .     - Unarmed
rCold   . . .      Faith    .   (no shield)
rNeg    . . .      Spirit   .   a - +0 robe
rPois   .          Reflect  .   (helmet restricted)
rElec   .          Harm     .   (no cloak)
rCorr   .          Rampage  .   (gloves unavailable)
Will    +....                   (boots unavailable)
Stlth   +.........              (no amulet)
HPRegen 1.14/turn               f - ring of willpower
MPRegen 0.08/turn               (no ring)

@: lightly drained
A: large, unfitting armour, claws 3, regeneration 1, shaggy fur 1, tough skin 1
a: no special abilities


You were on level 2 of the Dungeon.
You visited 1 branch of the dungeon, and saw 2 of its levels.

You collected 761 gold pieces.

Inventory:

Armour
 a - a +0 robe (worn)
 b - a +0 kite shield
Jewellery
 f - a ring of willpower (left claw)
Potions
 c - a potion of might
 d - a potion of degeneration {unknown}


   Skills:
 + Level 3.0 Fighting
 + Level 3.0 Dodging
 - Level 2.4 Shields
 * Level 3.5 Unarmed Combat


You had 3 spell levels left.
You didn't know any spells.
Your spell library was empty.

Dungeon Overview and Level Annotations

Branches:
Dungeon (2/15)

Altars:

Annotations:
D:2 Crazy Yiuf


Innate Abilities, Weirdness & Mutations

You are too large for most types of armour.
You have claws for hands.
Your natural rate of healing is unusually fast.
You are covered in fur. (AC +1)
You have tough skin. (AC +1)


Message History

You see here a +0 ring mail.
You miss the bat. The bat hits you but does no damage.
A bat is nearby!
A bat is nearby!
You scratch the bat.
You kill the bat!
No target in view!
No target in view!
No target in view!
There is an open door here.
There is an open door here.
Key pressed, stopping explore.
No target in view!
No target in view!
Crazy Yiuf shouts!
No reachable target in view!
No reachable target in view!
Could not explore, unopened runed door.
Could not explore, unopened runed door.
No reachable target in view!
No reachable target in view!
You open the door.
Crazy Yiuf zaps a wand.
The puff of flame hits you!
Crazy Yiuf hits you with a +4 quarterstaff of chaos!
Crazy Yiuf burns you.
There is an open translucent door, spattered with blood here.
You are too injured to fight recklessly!
You scratch Crazy Yiuf.
Crazy Yiuf is moderately wounded.
Crazy Yiuf hits you with a +4 quarterstaff of chaos!
* * * LOW HITPOINT WARNING * * *
You feel drained.
* * * LOW HITPOINT WARNING * * *
You are too injured to fight recklessly!
You are too injured to fight recklessly!
You are too injured to fight recklessly!
You are too injured to fight recklessly!
You scratch Crazy Yiuf but do no damage.
Crazy Yiuf is moderately wounded.
Crazy Yiuf hits you with a +4 quarterstaff of chaos!
You die...

########.#.......#
########.#.......#
.........#.#######
.......##### ########
.......##♣♣♣♣♣
#######..P.♣.♣♣♣ ####
######......♣..♣#...#
........)..♣♣♣♣.@g..#
######....♣♣ ♣♣#..)#
# #.##♣♣ #### # #.# #
#.# # #.###
######.#.# .......#.#
########.#


You could see Crazy Yiuf.

Vanquished Creatures
  Robin (D:1)
  3 adders (D:2)
  A dart slug (D:2)
  A ball python (D:2)
  2 endoplasms (D:2)
  10 goblins
  8 hobgoblins
  11 jackals
  2 kobolds
  2 bats (D:2)
  A frilled lizard (D:1)
  3 rats
45 creatures vanquished.

Vanquished Creatures (others)
  2 fungi (D:2)
2 creatures vanquished.

Grand Total: 47 creatures vanquished

Notes
Turn   | Place    | Note
-------+----------+-------------------------------------------
     0 | D:1      | kae the Troll Fighter began the quest for the Orb.
     0 | D:1      | Reached XP level 1. HP: 22/22 MP: 0/0
   226 | D:1      | Reached XP level 2. HP: 29/29 MP: 1/1
   406 | D:1      | Found a faded altar of an unknown god.
   517 | D:1      | Identified a scroll of acquirement
   517 | D:1      | Acquired 703 gold pieces
   705 | D:2      | Reached XP level 3. HP: 31/36 MP: 2/2
   826 | D:2      | Noticed Robin
   884 | D:1      | Killed Robin
   945 | D:2      | Reached XP level 4. HP: 44/44 MP: 3/3
  1317 | D:2      | Found a runed translucent door.
  1318 | D:2      | Noticed Crazy Yiuf
  1558 | D:2      | Slain by Crazy Yiuf

Illustrated notes

Levels and vault maps discovered:
D:1:      lightli_arrival_flooded_house, layout_basic,
          hellmonk_ecumenical_altar_pennies_from_heaven, glass_columns_b,
          hex_medium
D:2:      layout_basic, uniq_crazy_yiuf_cottage, uniq_robin

Skill      XL: |  1  2  3  4 |
---------------+-------------+-----
Unarmed Combat | 3 |  3.5
Fighting       | 3 |  3.0
Dodging        | 3 |  3.0
Shields        | |  2.4

Action                   |  1- 3 |  4- 6 || total
-------------------------+-------+-------++-------
Melee: Unarmed           |    93 |    26 ||   119
  Use: Scroll            |     2 |     1 ||     3
Armor: Robe              |    41 |     9 ||    50
Dodge: Dodged            |    73 |    12 ||    85
Block: Kite shield       |     1 |       ||     1

Table legend: (Time is in decaauts)
 A = Elapsed time spent in this place.
 B = Non-inter-level travel time spent in this place.
 C = Inter-level travel time spent in this place.
 D = Time resting spent in this place.
 E = Time spent auto-exploring this place.
 F = Levels seen in this place.
 G = Mean time per level.
                   A        B        C        D        E       F      G
               +--------+--------+--------+--------+--------+-----+--------+
         Total |   1554 |   1547 |      7 |      5 |   1241 |   2 |  777.0 |
       Dungeon |   1554 |   1547 |      7 |      5 |   1241 |   2 |  777.0 |
               +--------+--------+--------+--------+--------+-----+--------+

Top non-repeatable levels by time:
     D:2: 881 daAuts
     D:1: 673 daAuts
